 Dungeon Crawl Stone Soup version 0.31.0-4-g52a2dc7128 (webtiles) character file.

Game seed: 17862802584346840302

524 Xavori the Slasher (level 7, -7/52 HPs)
             Began as a Djinni Chaos Knight on Jan 22, 2024.
             Was a Plaything of Xom.
             Mangled by an entropy weaver (9 damage)
             ... on level 5 of the Dungeon.
             The game lasted 00:03:43 (2751 turns).

Xavori the Slasher (Djinni Chaos Knight)            Turns: 2751, Time: 00:03:44

Health: -7/52      AC:  9    Str: 10 (11) XL:     7   Next: 46%
Gold:   181        EV: 11    Int: 10 (13) God:    Xom [.*....] SH:  9 Dex: 13 (15)

rFire   + + .        a - +0 falchion (chaos)
rCold   x . .        n - +0 buckler
rNeg    . . .        b - +2 leather armour
rPois   ∞            (no helmet)
rElec   .            (no cloak)
rCorr   .            u - +1 pair of gloves
SInv    +            (boots unavailable)
Will    .....        d - amulet of reflection Stlth
                     s - ring of see invisible
HPRegen 0.28/turn    (no ring)
MPRegen 0.00/turn

%: reflection, clarity, infuse magic (-8 HP)
@: silenced, flying, hasted, very quick
A: sickness immunity, fire resistance 2, cold vulnerability 1, float, innate
caster, HP casting, extra vitality 1, iridescent scales 1, clarity, wild magic 1
a: Renounce Religion


You were on level 5 of the Dungeon.
You worshipped Xom.
You were a plaything of Xom.
You visited 1 branch of the dungeon, and saw 5 of its levels.

You collected 181 gold pieces.

Inventory:

Hand Weapons
 a - a +0 falchion of chaos (weapon)
Armour
 b - a +2 leather armour (worn)
 n - a +0 buckler (worn)
 u - a +1 pair of gloves (worn)
Jewellery
 d - an amulet of reflection (around neck)
 s - a ring of see invisible (left hand)
Wands
 t - a wand of light (2)
Scrolls
 c - a scroll of butterflies
 f - 2 scrolls of enchant weapon
 i - a scroll of enchant armour {unknown}
 j - 2 scrolls of amnesia
 k - 2 scrolls of blinking
 m - a scroll of vulnerability {unknown}
 o - a scroll of fog
 p - a scroll of poison {unknown}
 q - a scroll of identify
 r - a scroll of summoning {unknown}
Potions
 g - 2 potions of curing
 h - a potion of enlightenment {unknown}
 l - a potion of mutation {unknown}
 v - 3 potions of degeneration
 w - a potion of might {unknown}


   Skills:
 + Level 4.0 Fighting
 + Level 4.6 Long Blades
 + Level 1.9 Armour
 + Level 3.4 Dodging
 + Level 2.6 Shields
 * Level 1.6 Spellcasting
 * Level 1.6 Conjurations
 * Level 1.6 Hexes
 * Level 1.6 Summonings
 * Level 1.6 Necromancy
 * Level 1.6 Translocations
 * Level 1.6 Fire Magic
 * Level 1.6 Ice Magic
 * Level 1.6 Air Magic
 * Level 1.6 Earth Magic
 * Level 1.6 Alchemy
 * Level 1.9 Evocations


You knew the following spells:

 Your Spells              Type           Power      Damage    Failure   Level
a - Sting                 Conj/Alch      20%        1d4       41%         1
b - Static Discharge      Conj/Air       10%        3-4/arc   54%         2
c - Dazzling Flash        Conj/Hex       10%        N/A       77%         3
Your spell library was empty.

Dungeon Overview and Level Annotations

Branches:
Dungeon (5/15)             Temple (0/1) D:4

Altars:
Elyvilon

Shops:
D:2 (


Innate Abilities, Weirdness & Mutations

You are immune to sickness and miasma.
You are immune to poison.
Your flesh is very heat resistant. (rF++)
You are vulnerable to cold. (rC-)
You float through the air rather than walking.
You learn spells naturally, not from books.
Your magical power is your life essence.
You have superior vitality. (+4 MHP)
You are partially covered in iridescent scales. (AC +2)
You possess an exceptional clarity of mind.
Your spells are a little harder to cast, but a little more powerful.


Message History

The entropy weaver hits you!
Okay, then.
Okay, then.
Aiming: Bolt of Light
Press: ? - help, Shift-Dir - straight line, f/p - entropy weaver
Aim: an entropy weaver (lightly wounded, blind, unable to see you, 60% to hit)
The bolt of light misses the entropy weaver.
You block the entropy weaver's attack. The entropy weaver hits you.
The entropy weaver hits you! The entropy weaver hits you.
* * * LOW HITPOINT WARNING * * *
The entropy weaver misses you. The entropy weaver barely misses you.
The entropy weaver hits you.
* * * LOW HITPOINT WARNING * * *
The entropy weaver barely misses you.
Blink to where?
Press: ? - help, Dir - move target, p - entropy weaver
As you read the scroll of blinking, it crumbles to dust.
You are no longer corroded.
The entropy weaver is no longer blind.
As you read the scroll labelled ROHEHO QIPONYAS, it crumbles to dust.
A profound silence engulfs you.
It was a scroll of silence.
Magic scrolls do not work when you're silenced!
It was a potion of curing.
You feel better.
Xom roars with laughter!
It was a potion of degeneration.
There was something very wrong with that liquid.
You feel weakened.
You feel dopey.
You feel clumsy.
You block the entropy weaver's attack. x2
The entropy weaver completely misses you.
The entropy weaver hits you!
* * * LOW HITPOINT WARNING * * *
It was a potion of haste.
You feel yourself speed up. The entropy weaver hits you!
* * * LOW HITPOINT WARNING * * *
The entropy weaver hits you but does no damage.
You block the entropy weaver's attack.
The entropy weaver hits you but does no damage.
The entropy weaver hits you!
You die...
Xom giggles madly!

####..######## ###......##
### #.........# #.###
#.........# #...##
##..........# #(...#
##...........# #....##
####............#
#.....#####....B....#######
#####..##.....@.##..#
######.....########.##
##.......#### #.#
......#### #.# ....### .#
..### ### #


You could see an entropy weaver.

Vanquished Creatures
  An ogre (D:4)
  A bullfrog (D:4)
  A scorpion (D:4)
  A bombardier beetle (D:4)
  3 hounds
  An iguana (D:5)
  An orc wizard (D:4)
  4 adders
  3 gnolls (D:4)
  3 dart slugs
  3 orcs
  5 ball pythons
  5 bats
  5 endoplasms
  A giant cockroach (D:4)
  7 goblins
  6 hobgoblins
  6 jackals
  4 kobolds
  3 quokkas
  12 frilled lizards
  A rat (D:1)
77 creatures vanquished.

Vanquished Creatures (collateral kills)
  2 orcs (D:4)
  2 endoplasms (D:4)
  A giant cockroach (D:4)
5 creatures vanquished.

Vanquished Creatures (others)
  A frilled lizard (D:1)
1 creature vanquished.

Grand Total: 83 creatures vanquished

Notes
Turn   | Place    | Note
-------+----------+-------------------------------------------
     0 | D:1      | Xavori the Djinni Chaos Knight began the quest for the Orb.
     0 | D:1      | Reached XP level 1. HP: 20/20 MP: 0/0
    64 | D:1      | XOM: silly message
    67 | D:1      | XOM: confuse monster(s)
    74 | D:1      | Reached XP level 2. HP: 22/25 MP: 0/0
   106 | D:1      | XOM: enchant monster (bad)
   172 | D:1      | XOM: silly message
   245 | D:1      | Reached XP level 3. HP: 13/30 MP: 0/0
   245 | D:1      | Learned a level 1 spell: Sting
   246 | D:1      | XOM: 2-stop teleportation journey
   319 | D:1      | XOM: polymorph rat -> hound
   327 | D:1      | Reached XP level 4. HP: 32/35 MP: 0/0
   403 | D:1      | XOM: give mutations
   403 | D:1      | Gained mutation: You are partially covered in iridescent
                  | scales. (AC +2) [Xom's grace]
   403 | D:1      | Gained mutation: You have hidden genetic potential. [Xom's
                  | grace]
   596 | D:2      | XOM: noise
   596 | D:2      | XOM: 3-stop teleportation journey
   669 | D:2      | Found Imous's Weapon Shoppe.
   703 | D:2      | XOM: cloud trail
   725 | D:2      | Reached skill level 1 in Shields
   901 | D:2      | Found a white marble altar of Elyvilon.
  1142 | D:3      | XOM: cast spell 'Iskenderun's Battlesphere'
  1151 | D:3      | Reached XP level 5. HP: 40/40 MP: 0/0
  1151 | D:3      | Learned a level 2 spell: Static Discharge
  1161 | D:3      | Gained mutation: You possess an exceptional clarity of
                  | mind. [hidden potential]
  1218 | D:3      | Reached skill level 1 in Spellcasting
  1218 | D:3      | Reached skill level 1 in Conjurations
  1218 | D:3      | Reached skill level 1 in Hexes
  1218 | D:3      | Reached skill level 1 in Summonings
  1218 | D:3      | Reached skill level 1 in Necromancy
  1218 | D:3      | Reached skill level 1 in Translocations
  1218 | D:3      | Reached skill level 1 in Fire Magic
  1218 | D:3      | Reached skill level 1 in Ice Magic
  1218 | D:3      | Reached skill level 1 in Air Magic
  1218 | D:3      | Reached skill level 1 in Earth Magic
  1218 | D:3      | Reached skill level 1 in Alchemy
  1407 | D:3      | XOM: smoke on damage
  1485 | D:3      | XOM: 9-stop teleportation journey
  1999 | D:4      | Reached XP level 6. HP: 42/47 MP: 0/0
  2008 | D:4      | Gained mutation: Your spells are a little harder to cast,
                  | but a little more powerful. [hidden potential]
  2008 | D:4      | Lost mutation: You have hidden genetic potential. [hidden
                  | potential expressed]
  2045 | D:4      | Reached skill level 1 in Evocations
  2140 | D:4      | Found a staircase to the Ecumenical Temple.
  2158 | D:4      | Noticed an ogre
  2171 | D:4      | Killed an ogre
  2172 | D:4      | Reached XP level 7. HP: 48/51 MP: 0/0
  2172 | D:4      | Learned a level 3 spell: Dazzling Flash
  2587 | D:5      | Entered Level 5 of the Dungeon
  2732 | D:5      | a scorpion changed into an entropy weaver
  2732 | D:5      | Noticed an entropy weaver
  2732 | D:5      | XOM: polymorph scorpion -> entropy weaver
  2751 | D:5      | HP: 2/52 [entropy weaver (8)]
  2751 | D:5      | Mangled by an entropy weaver

Illustrated notes

Levels and vault maps discovered:
D:1:      amcnicky_arrival_choice, layout_rooms, minmay_lizard_king
D:2:      layout_basic, serial_shops, nicolae_shop_crystal, basic_altar
D:3:      layout_loops_ring, serial_forest, infiniplex_forest_straight_2,
          infiniplex_forest_zigzag_1, infiniplex_forest_lined_4_way,
          infiniplex_forest_straight_2, infiniplex_forest_clump_long,
          infiniplex_forest_end_2, infiniplex_forest_lined_room_3, corexii_shack
D:4:      layout_rooms, nicolae_kikubaaqudgha_miasma_corner,
          minmay_temple_entry_mini_moons
D:5:      layout_cave_pods

Skill      XL: |  1  2  3  4  5  6  7 |
---------------+----------------------+-----
Long Blades    | 3 4 |  4.6
Shields        | 1 2 |  2.6
Spellcasting   | 1 |  1.6
Conjurations   | 1 |  1.6
Hexes          | 1 |  1.6
Summonings     | 1 |  1.6
Necromancy     | 1 |  1.6
Translocations | 1 |  1.6
Fire Magic     | 1 |  1.6
Ice Magic      | 1 |  1.6
Air Magic      | 1 |  1.6
Earth Magic    | 1 |  1.6
Alchemy        | 1 |  1.6
Dodging        | 3 |  3.4
Evocations     | 1 |  1.9
Fighting       | 4 |  4.0
Armour         | |  1.9

Action                     |  1- 3 |  4- 6 |  7- 9 || total
---------------------------+-------+-------+-------++-------
  Melee: Falchion          |    68 |   177 |    44 ||   289
  Evoke: Wand              |       |       |     3 ||     3
    Use: Scroll            |       |       |     6 ||     6
         Potion            |       |       |     3 ||     3
   Stab: Distracted        |     1 |       |       ||     1
         Paralysed         |     1 |       |       ||     1
         Petrified         |       |     1 |       ||     1
         Sleeping          |       |     1 |       ||     1
         Confused          |       |     1 |       ||     1
 Armour: Leather armour    |    39 |    80 |    31 ||   150
  Dodge: Dodged            |    49 |   104 |    20 ||   173
  Block: Other             |    27 |    11 |       ||    38
         Buckler           |       |    83 |    22 ||   105
         Reflection        |       |     5 |       ||     5
